 Dungeon Crawl Stone Soup version 0.21-a0-401-g0b6bec4 (webtiles) character file.

6330 theanonym the Blocker (level 10, -7/65 HPs)
             Began as a Gargoyle Fighter on Oct 22, 2017.
             Was an Elder of Okawaru.
             Killed by Ozocubu's Refrigeration
             ... invoked by Fannar
              (21 damage)
             ... on level 11 of the Dungeon.
             The game lasted 00:24:57 (11116 turns).

theanonym the Blocker (Gargoyle Fighter)           Turns: 11116, Time: 00:24:58

Health: -7/65      AC: 23    Str: 29    XL:     10   Next: 95%
Magic:  12/12      EV: 11    Int:  8    God:    Okawaru [****..]
Gold:   376        SH: 14    Dex: 14    Spells: 9/9 levels left

rFire    . . .     SeeInvis .   a - +0 war axe
rCold    . . .     Gourm    .   c - +0 shield
rNeg     + . .     Faith    .   d - +0 plate armour
rPois    ∞         Spirit   .   (no helmet)
rElec    +         Reflect  .   (no cloak)
rCorr    .         Harm     .   (no gloves)
MR       .....                  (no boots)
Stlth    ..........             (no amulet)
HPRegen  0.20/turn              (no ring)
MPRegen  0.13/turn              B - +5 ring of dexterity

@: mighty, heroism
A: negative energy resistance 1, electricity resistance, unbreathing,
petrification resistance, rot immunity, AC +7
a: Heroism, Renounce Religion


You were on level 11 of the Dungeon.
You worshipped Okawaru.
Okawaru was greatly pleased with you.
You were not hungry.

You visited 2 branches of the dungeon, and saw 12 of its levels.
You also visited: Sewer.

You collected 701 gold pieces.
You spent 325 gold pieces at shops.

Inventory:

Hand Weapons
 a - a +0 war axe (weapon)
 x - a +0 trident
   (You took it off an orc on level 9 of the Dungeon)
Missiles
 s - 7 tomahawks of dispersal (quivered)
 v - 2 throwing nets
Armour
 c - a +0 shield (worn)
 d - a +0 plate armour (worn)
   (You found it on level 5 of the Dungeon)
Jewellery
 i - an uncursed ring of positive energy
   (You found it on level 3 of the Dungeon)
 m - an uncursed amulet of magic regeneration {unknown}
   (You found it on level 10 of the Dungeon)
 q - an uncursed ring of see invisible
   (You bought it in a shop on level 10 of the Dungeon)
 B - a +5 ring of dexterity (right hand)
   (You found it on level 6 of the Dungeon)
Wands
 e - a wand of lightning (6/15)
   (You found it on level 5 of the Dungeon)
 A - a wand of iceblast (9/15)
   (You found it on level 8 of the Dungeon)
 C - a wand of flame (10/48)
   (You found it on level 9 of the Dungeon)
 D - a wand of paralysis (4/24)
   (You found it on level 9 of the Dungeon)
Scrolls
 b - a scroll of enchant weapon {unknown}
 h - 2 scrolls of magic mapping
 l - 5 scrolls of remove curse
 o - 5 scrolls of teleportation
 r - 3 scrolls of identify
Potions
 j - 3 potions of ambrosia
 k - 4 potions of curing
 n - a potion of cancellation {unknown}
 p - a potion of agility {unknown}
 t - a potion of invisibility {unknown}
Comestibles
 f - 13 bread rations
 u - 6 meat rations
 w - 9 chunks of flesh
 z - a royal jelly


   Skills:
 + Level 8.9(13.9) Fighting
 * Level 8.6(13.6) Axes
 + Level 8.9(13.9) Armour
 + Level 9.0(14.0) Shields
 - Level 3.1 Invocations


You had 9 spell levels left.
You didn't know any spells.

Dungeon Overview and Level Annotations

Branches:
Dungeon (11/15)            Temple (1/1) D:4             Orc (0/2) D:10
   Lair: D:8-11

Altars:
Ashenzari
Cheibriados
Dithmenos
Elyvilon
Fedhas
Gozag
Hepliaklqana
Kikubaaqudgha
Makhleb
Nemelex Xobeh
Okawaru
Qazlal
Ru
Sif Muna
Trog
Uskayaw
Vehumet
Wu Jian
Xom
Yredelemnul
Zin
The Shining One

Shops:
D:7 [   D:10 *

Annotations:
D:8 Joseph
D:11 Fannar


Innate Abilities, Weirdness & Mutations

You are resistant to torment.
Your stone body is resilient. (AC +7)
You are immune to poison.
You resist negative energy. (rN+)
You are resistant to electric shocks. (rElec)
You can survive without breathing.
You are immune to petrification.
You are immune to rotting.


Message History

You kill the hornet!
The hornet's corpse dissolves into shadows!
You hit the wraith but do no damage. The wraith barely misses you.
Your plate armour prevents you from hitting the wraith.
The wraith hits you but does no damage.
You hit the wraith but do no damage. You block the wraith's attack.
You hit the wraith. The wraith hits you but does no damage.
The orc wizard casts a spell.
The orc wizard blinks!
The wraith completely misses you.
You miss the orc wizard. You hit the wraith but do no damage.
You block the wraith's attack.
The orc wizard hits you but does no damage.
You hit the orc wizard. You hit the wraith but do no damage.
You block the orc wizard's attack. You block the wraith's attack.
You hit the orc wizard. You hit the wraith.
The orc wizard casts a spell at you.
You feel yourself slow down. The wraith hits you.
The wraith drains your vigour!
You feel as though you will be slow longer.
You take 4 damage, and have 53/65 hp.
You hit the orc wizard. You hit the wraith but do no damage.
You block the orc wizard's attack. You block the wraith's attack.
You slash the orc wizard!
You kill the orc wizard!
Okawaru accepts your kill.
The wraith dissolves into shadows!
You feel yourself speed up.
Things that are here:
a dagger; a robe; Health restored: 65
Things that are here:
a flail; a ring mail
Things that are here:
a dagger; a robe; an orc corpse Search for what [Enter for "broad || large", or ? for help]?
Can't find anything matching that.
You butcher the orc corpse.
w - 9 chunks of flesh (gained 3)
Things that are here:
a dagger; a robe
Things that are here:
a dagger; a robe You open the door.
Found a stone staircase leading up.
There is an open door here.
There is a stone staircase leading up here.
Found a stone staircase leading up.
Fannar the Cold-Hearted comes into view.
He is wielding a staff of cold.
Fannar shouts!
Fannar is nearby!
Fannar is nearby!
Fannar is nearby!
Fannar is nearby!
You gain the combat prowess of a mighty hero.
You now have 10/12 mp.
You feel very mighty all of a sudden.
Fannar mumbles some strange words.
Fannar drinks a potion.
Fannar seems to grow stronger.
You slash Fannar! You hit the ice beast. Fannar hits you with a staff of cold!
Fannar freezes you!
You take 14 damage, and have 51/65 hp.
MASSIVE DAMAGE!!
You closely miss Fannar.
Your shield and plate armour prevent you from hitting the ice beast.
You block the ice beast's attack. Fannar hits you but does no damage.
You closely miss Fannar. You barely miss the ice beast.
You block the ice beast's attack. Fannar hits you but does no damage.
You barely miss Fannar. You slice the ice beast!!
The ice beast hits you but does no damage.
You barely miss Fannar. You hit the ice beast but do no damage.
Fannar completely misses you. You block the ice beast's attack.
You barely miss Fannar.
Your plate armour prevents you from hitting the ice beast.
Fannar glares icily.
Fannar hits you but does no damage.
Your shield prevents you from hitting Fannar.
You slash the ice beast!
You kill the ice beast!
You block Fannar's attack.
You miss Fannar. You hit Fannar but do no damage.
Fannar hits you but does no damage.
You slice Fannar!! Fannar hits you but does no damage.
You miss Fannar. Fannar hits you with a staff of cold. Fannar freezes you!
You take 4 damage, and have 48/65 hp.
You miss Fannar.
Okay, then.
You closely miss Fannar. Fannar hits you but does no damage.
You slash Fannar! Fannar hits you with a staff of cold. Fannar freezes you!
You take 16 damage, and have 33/65 hp.
MASSIVE DAMAGE!!
Aim: Fannar, wielding a staff of cold and wearing a robe of cold resistance (heavily wounded, unusually strong, covered in an icy film, chance to defeat MR: 6%)
Okay, then.
You closely miss Fannar.
Fannar points at you and mumbles some strange words.
The bolt of cold hits you!
* * * LOW HITPOINT WARNING * * *
You take 19 damage, and have 14/65 hp.
MASSIVE DAMAGE!!
MP restored: 12 You hit Fannar but do no damage.
Fannar mumbles some strange words.
Fannar drains the heat from the surrounding environment!
You feel very cold.
You die...

............#
#...........#
#.........).#
##########.## #
####...)/# .#
#.....)### ####.##
#......# ###....<#
#......#####.......#
#......##....#@....#
#......#<.####e....#
+......'.##
#........ #......###
#.....### ########
#.....# #.....#
#######


You could see Fannar.

Vanquished Creatures
  Pikel (D:5)
  A manticore (D:11)
  A merfolk (D:9)
  A troll (D:10)
  A hippogriff (D:8)
  Menkaure (D:4)
  A water moccasin (D:5)
  Duvessa (D:7)
  2 orc warriors
  2 ice beasts
  An eye of draining (D:9)
  3 black bears
  2 phantoms
  A sky beast (D:5)
  7 ogres
  3 centaurs
  4 big kobolds
  2 gnoll sergeants
  A wyvern zombie (D:9)
  4 bullfrogs
  2 scorpions
  Dowan (D:7)
  3 wights (D:7)
  4 howler monkeys
  2 bullfrog zombies
  8 hounds
  3 crimson imps
  4 jellies
  A quasit (D:6)
  4 orc priests
  3 bullfrog skeletons
  8 orc wizards
  An iguana (D:8)
  Terence (D:2)
  A merfolk siren (Sewer)
  A merfolk avatar (Sewer)
  5 worker ants
  A hound zombie (D:9)
  9 gnolls
  4 river rats
  10 adders
  5 shadow imps
  2 oozes
  An adder zombie (D:8)
  2 adder skeletons (D:6)
  2 worms
  2 dart slugs (D:1)
  14 leopard geckos
  36 orcs
  8 bats
  10 giant cockroaches
  6 goblins
  9 hobgoblins
  10 jackals
  5 quokkas
  8 ball pythons
  11 frilled lizards
  A jackal skeleton (D:4)
  A jackal zombie (D:7)
  25 kobolds
  32 rats
306 creatures vanquished.

Vanquished Creatures (others)
  2 slaves (D:5)
  An adder skeleton (D:5)
  A quokka (D:5)
  A fungus (D:4)
5 creatures vanquished.

Grand Total: 311 creatures vanquished

Notes
Turn   | Place    | Note
-------+----------+-------------------------------------------
     0 | D:1      | theanonym the Gargoyle Fighter began the quest for the Orb.
     0 | D:1      | Reached XP level 1. HP: 14/14 MP: 1/1
   209 | D:1      | Reached skill level 2 in Axes
   246 | D:1      | Reached XP level 2. HP: 19/19 MP: 2/2
   919 | D:1      | Reached XP level 3. HP: 14/23 MP: 3/3
  1319 | D:2      | Found a radiant altar of Vehumet.
  1319 | D:2      | Noticed Terence
  1328 | D:2      | Killed Terence
  1328 | D:2      | Reached XP level 4. HP: 26/29 MP: 4/4
  1381 | D:2      | Reached skill level 3 in Axes
  1492 | D:2      | Reached skill level 4 in Armour
  1562 | D:2      | Found a shadowy altar of Dithmenos.
  1562 | D:2      | Found a snail-covered altar of Cheibriados.
  1678 | D:2      | Found an iron altar of Okawaru.
  1685 | D:2      | Reached skill level 4 in Shields
  1692 | D:2      | Became a worshipper of Warmaster Okawaru
  1844 | D:2      | Reached XP level 5. HP: 32/33 MP: 5/5
  1873 | D:2      | Reached skill level 4 in Fighting
  2306 | D:3      | Found a glowing drain.
  2318 | Sewer    | Entered a sewer
  2621 | Sewer    | Reached XP level 6. HP: 39/39 MP: 6/6
  2751 | Sewer    | Reached * piety under Okawaru
  2988 | D:3      | You fall through a shaft for 2 floors!
  2988 | D:5      | Entered Level 5 of the Dungeon
  3382 | D:3      | Reached XP level 7. HP: 44/44 MP: 7/7
  3458 | D:3      | Reached skill level 5 in Armour
  3458 | D:3      | Reached skill level 5 in Shields
  3461 | D:3      | Reached skill level 5 in Fighting
  3461 | D:3      | Reached skill level 4 in Axes
  3844 | D:4      | Noticed Menkaure
  3856 | D:4      | Killed Menkaure
  4129 | D:4      | Found a blossoming altar of Fedhas.
  4184 | D:4      | Found a shattered altar of Ashenzari.
  4466 | D:4      | Found a staircase to the Ecumenical Temple.
  4474 | D:4      | Reached XP level 8. HP: 51/51 MP: 8/8
  4703 | Temple   | Entered the Ecumenical Temple
  4976 | D:5      | Noticed Pikel
  5035 | D:5      | Killed Pikel
  5035 | D:5      | Reached ** piety under Okawaru
  5035 | D:5      | Reached skill level 6 in Fighting
  5035 | D:5      | Reached skill level 5 in Axes
  5035 | D:5      | Reached skill level 6 in Armour
  5035 | D:5      | Reached skill level 6 in Shields
  5717 | D:5      | Found a stormy altar of Qazlal.
  6060 | D:6      | Reached XP level 9. HP: 56/56 MP: 9/9
  6246 | D:6      | Reached *** piety under Okawaru
  6246 | D:6      | Reached skill level 7 in Fighting
  6246 | D:6      | Reached skill level 7 in Armour
  6246 | D:6      | Reached skill level 7 in Shields
  6547 | D:6      | Found a white marble altar of Elyvilon.
  6559 | D:6      | Found a bloodstained altar of Trog.
  6573 | D:6      | Reached skill level 6 in Axes
  6753 | D:6      | Reached skill level 1 in Invocations
  7023 | D:7      | Found Warchaduips's Armour Boutique.
  7244 | D:7      | Reached skill level 2 in Invocations
  7285 | D:7      | Noticed Dowan
  7290 | D:7      | Killed Dowan
  7291 | D:7      | Noticed Duvessa
  7304 | D:7      | Killed Duvessa
  7304 | D:7      | Reached **** piety under Okawaru
  7305 | D:7      | Found a basalt altar of Yredelemnul.
  7638 | D:7      | Found a glowing golden altar of the Shining One.
  7640 | D:7      | Noticed an angel
  7855 | D:8      | Reached skill level 7 in Axes
  7855 | D:8      | Reached XP level 10. HP: 56/64 MP: 10/12
  7929 | D:8      | Reached skill level 8 in Fighting
  7929 | D:8      | Reached skill level 8 in Shields
  7929 | D:8      | Reached skill level 3 in Invocations
  7942 | D:8      | Reached skill level 8 in Armour
  8370 | D:8      | Noticed Joseph
  8375 | D:8      | HP: 6/64 [acid (13)]
  9176 | D:9      | Found a burning altar of Makhleb.
  9703 | D:10     | Entered Level 10 of the Dungeon
  9762 | D:10     | Reached skill level 8 in Axes
 10032 | D:10     | Found a staircase to the Orcish Mines.
 10309 | D:10     | Found Berefad's General Store.
 10317 | D:10     | Bought an uncursed ring of see invisible for 195 gold pieces
 10317 | D:10     | Bought a potion of haste for 130 gold pieces
 10321 | D:10     | Noticed a two-headed ogre
 10962 | D:11     | Noticed a manticore
 10985 | D:11     | Killed a manticore
 11008 | D:11     | Reached skill level 9 in Shields
 11097 | D:11     | Noticed Fannar
 11116 | D:11     | Killed from afar by Fannar

Vault maps used:
D:1:      lightli_arrival_farm
D:2:      vehumet_crystals, minitemple, okawaru_gym_becter, uniq_terence
D:3:      gup_sewer_entry_bubbles, first_bread, minmay_misc_feat_hallway
D:4:      ashenzari_altar_1, minmay_temple_entry_poolview, serial_forest,
          infiniplex_forest_clump_large, infiniplex_forest_straight_3,
          infiniplex_forest_side_room, infiniplex_forest_lined_room_,
          infiniplex_forest_lined_2, infiniplex_forest_corner_2,
          infiniplex_forest_clump_small, st_stairs_11, minmay_misc_feat_cross,
          fedhas_altar_3, uniq_menkaure
D:5:      nicolae_qazlal_general_emergency, uniq_pikel
D:6:      elyvilon_altar_4, trog_ov_bears_minmay, minmay_unpleasant_kobolds
D:7:      grunt_temple_overflow_holy_war, serial_shops, shop, uniq_duvessa
D:8:      uniq_joseph
D:9:      makhleb_heckhound_becter, hangedman_fish_farm
D:10:     orc_0_dummy, serial_shops, shop
D:11:     dpeg_oklobed_lair, minivault_7, uniq_fannar
Temple:   nicolae_temple_hex_pool
Sewer:    sewer_sea

Skill      XL: |  1  2  3  4  5  6  7  8  9 10 |
---------------+-------------------------------+-----
Axes           | 2 3 4 5 7 8 |  8.6
Armour         | 4 5 6 7 8 |  8.9
Shields        | 4 5 6 7 9 |  9.0
Fighting       | 4 5 6 7 8 |  8.9
Invocations    | 2 3 |  3.1

Action                   |  1- 3 |  4- 6 |  7- 9 | 10-12 || total
-------------------------+-------+-------+-------+-------++-------
Melee: War axe           |    98 |   285 |   488 |   355 ||  1226
Throw: Throwing net      |       |       |     2 |       ||     2
       Tomahawk          |       |       |       |     3 ||     3
Invok: Heroism           |       |       |     3 |    10 ||    13
Evoke: Wand              |       |       |       |     2 ||     2
  Use: Scroll            |       |     8 |     7 |     6 ||    21
       Potion            |       |     2 |     2 |     2 ||     6
 Stab: Paralysed         |       |       |       |     2 ||     2
  Eat: Chunk             |     2 |     7 |    15 |     9 ||    33
       Meat ration       |       |       |       |     1 ||     1
Armor: Scale mail        |    50 |   145 |    14 |       ||   209
       Chain mail        |       |       |    62 |       ||    62
       Plate armour      |       |       |   233 |   171 ||   404
Dodge: Dodged            |    28 |    80 |   103 |    76 ||   287
Block: Shield            |    67 |   141 |   303 |   240 ||   751

Table legend:
 A = Spawn XP
 B = Non-spawn XP
 C = Spawn XP percentage of total XP
 D = Spawn monster count
 E = Non-spawn monster count
 F = Spawn count percentage of total count
 G = Total turns spent on level
                    A         B        C        D         E        F      G
               +---------+---------+-------+---------+---------+-------+---------
         Total |       0 |    9043 |   0.0 |       0 |     306 |   0.0 | 11116
               +---------+---------+-------+---------+---------+-------+---------
           D:1 |       0 |      64 |   0.0 |       0 |      32 |   0.0 |  1292
           D:2 |       0 |     110 |   0.0 |       0 |      28 |   0.0 |   763
           D:3 |       0 |     120 |   0.0 |       0 |      27 |   0.0 |   703
           D:4 |       0 |     756 |   0.0 |       0 |      24 |   0.0 |  1341
           D:5 |       0 |    1141 |   0.0 |       0 |      18 |   0.0 |  1245
           D:6 |       0 |     986 |   0.0 |       0 |      25 |   0.0 |   967
           D:7 |       0 |     989 |   0.0 |       0 |      28 |   0.0 |   641
           D:8 |       0 |    1084 |   0.0 |       0 |      23 |   0.0 |  1105
           D:9 |       0 |    1467 |   0.0 |       0 |      23 |   0.0 |  1216
          D:10 |       0 |    1374 |   0.0 |       0 |      24 |   0.0 |   930
          D:11 |       0 |     792 |   0.0 |       0 |      11 |   0.0 |   201
         Sewer |       0 |     160 |   0.0 |       0 |      43 |   0.0 |   616
               +---------+---------+-------+---------+---------+-------+---------
